AoeStats
← YouveFoundJonny

Arena

507743030Analyzed
3v3 RM · 12d ago on Sep 19, 2026· 41m 30s· 6 players
Game mode
Random Map
Map size
Normal (6 player)
Population
200
Speed
Normal
Resources
Standard
Victory
Conquest
Starting age
Dark Age
Ending age
Imperial Age
RankedLock teamsTeams togetherTeam positionsShared explorationLock speedFull tech treeHidden civsTurbo modeCheats
Victory
Defeat
🇳🇱 Portuguese · Netherlands
1339
+11
🇬🇧 Maya · United Kingdom
1304
+12
🇬🇧 Bulgarians · United Kingdom
1263
+13
🇪🇸 Cumans · Spain
1279
-15
🇪🇸 Persians · Spain
1196
-11
🇺🇸 Magyars · United States
1159
-10
CanarioAOE
10:55 Feudal Age
14:21 Castle Age
13:26 Double-Bit Axe
13:42 Horse Collar
14:38 Bloodlines
19:34 Scale Barding Armor
23:09 Gold Mining
26:01 Bow Saw
26:43 Stone Mining
28:32 Wheelbarrow
27:43 Loom
33:11 Imperial Age
31:31 Heavy Plow
32:11 Stone Shaft Mining
32:12 Gold Shaft Mining
32:25 Ballistics
34:30 Chemistry
33:53 Hand Cart
33:55 Cavalier
34:59 Chain Barding Armor
34:33 Fletching
38:23 Conscription
38:57 Heavy Camel Rider
Ronny
11:01 Feudal Age
11:20 Man-at-Arms
19:47 Double-Bit Axe
21:23 Horse Collar
26:50 Castle Age
26:28 Forging
26:23 Scale Barding Armor
26:21 Scale Mail Armor
26:11 Loom
28:23 Wheelbarrow
27:26 Long Swordsman
29:15 Squires
31:46 Iron Casting
35:29 Hand Cart
35:24 Gold Mining
35:03 Capped Ram
39:00 Gold Shaft Mining
38:57 Chain Mail Armor
40:43 Elite Skirmisher
41:31 Thumb Ring
TuSaiyajin
9:56 Feudal Age
12:08 Loom
14:48 Castle Age
13:53 Double-Bit Axe
22:49 Horse Collar
25:39 Wheelbarrow
29:46 Imperial Age
26:57 Crossbowman
27:49 Corvinian Army
28:18 Fletching
29:30 Pikeman
30:27 Scale Mail Armor
31:06 Town Watch
31:14 Gold Mining
31:14 Stone Mining
31:08 Light Cavalry
31:56 Halberdier
33:15 Chain Mail Armor
32:53 Arbalester
33:22 Arson
34:42 Conscription
34:36 Scale Barding Armor
35:22 Bloodlines
35:12 Hussar
39:32 Gold Shaft Mining
39:56 Bodkin Arrow
Ditters
11:18 Feudal Age
14:55 Castle Age
12:39 Horse Collar
13:54 Double-Bit Axe
15:13 Light Cavalry
19:41 Bow Saw
22:31 Wheelbarrow
26:09 Stone Mining
26:49 Hand Cart
29:59 Imperial Age
27:50 Loom
28:22 Heavy Plow
29:04 Bloodlines
29:01 Scale Barding Armor
28:55 Gold Mining
29:15 Husbandry
29:55 Chain Barding Armor
30:40 Forging
30:09 Cavalier
30:52 Town Watch
32:29 Plate Barding Armor
34:23 Iron Casting
34:09 Fletching
34:41 Bodkin Arrow
35:58 Chemistry
35:20 Bodkin Arrow
37:05 Stone Shaft Mining
37:32 Bracer
38:34 Blast Furnace
39:02 Two-Man Saw
39:26 Bracer
40:20 Bracer
40:43 Padded Archer Armor
41:54 Leather Archer Armor
YouveFoundJonny
11:32 Feudal Age
15:27 Castle Age
14:45 Double-Bit Axe
14:57 Stone Mining
26:03 Horse Collar
27:12 Bow Saw
31:19 Wheelbarrow
30:40 Loom
35:14 Imperial Age
35:02 Scale Mail Armor
35:16 Forging
37:09 Conscription
37:24 Chain Mail Armor
38:12 Plate Mail Armor
38:18 Iron Casting
38:48 Bagains
39:00 Arson
39:47 Squires
39:33 Gambesons
41:52 Iron Casting
WignerSeitz
0:25 Loom
11:29 Feudal Age
12:05 Double-Bit Axe
12:02 Horse Collar
15:04 Castle Age
16:54 Fletching
23:15 Heavy Plow
23:25 Bow Saw
27:07 Wheelbarrow
30:51 Imperial Age
29:07 Bodkin Arrow
30:44 Padded Archer Armor
31:37 Bracer
33:43 Chemistry
32:44 Gold Mining
33:46 Leather Archer Armor
33:52 Ballistics
35:14 Two-Man Saw
35:11 Ring Archer Armor
34:46 Stone Mining
36:55 Elite Plumed Archer
Connection lost

Rejoining the realm…

Still unreachable

The connection could not be restored.

Session expired

The server has moved on; the page needs a fresh start.